[Event "Titled Tuesday Blitz February 21 Late 2023"]
[White "Bluebaum, Matthias"]
[Black "Kamsky, Gata"]
[WhiteFideId "24651516"]
[BlackFideId "2000024"]
[WhiteElo "2669"]
[BlackElo "2665"]
[Result "0-1"]
[Round "11"]
[TimeControl "180+2"]
[Date "2023.02.21"]
[WhiteClock "0:00:08"]
[BlackClock "0:00:11"]

1. d4 Nf6 2. c4 g6 3. Nc3 Bg7 4. e4 d6 5. Nf3 O-O 6. Be2 e5 7. Be3 Ng4 8. Bg5 f6 9. Bh4 Nc6 10. d5 Nb8 11. Nd2 Nh6 12. f3 Nf7 13. b4 a5 14. a3 Na6 15. Rb1 Bh6 16. Bf2 f5 17. c5 Qg5 18. Nf1 axb4 19. axb4 fxe4 20. h4 Qe7 21. Nxe4 Bf5 22. Nfg3 Bf4 23. c6 bxc6 24. dxc6 d5 25. Qxd5 Nxb4 26. Qc4 Rfb8 27. O-O Be6 28. Qc5 Nd5 29. Bc4 Rxb1 30. Rxb1 Qxc5 31. Nxc5 Nc3 32. Nxe6 Nxb1 33. Nxc7 Ra1 34. Kh2 Nd2 35. Bb5 Nf1+ 36. Bxf1 Rxf1 37. Nd5 Rxf2 38. c7 Nd6 39. Kg1 Rc2 40. Ne4 Nxe4 41. fxe4 Kf7 42. Kf1 Bg3 43. Ne3 Rxc7 44. Nd5 Rc2 45. Ne3 Rf2+ 46. Kg1 Bxh4 47. Ng4 Rf4 48. Nxe5+ Ke6 49. Nd3 Rxe4 50. Nc5+ Kd5 51. Nd3 Kd4 52. Nb4 Bg3 53. Nc2+ Kd3 54. Kf1 Kxc2 55. Kg1 Re1# 0-1


[Site "https://www.chess.com"]

[Event "Titled Tuesday Blitz February 21 Late 2023"]
[White "Makarian, Rudik"]
[Black "Naroditsky, Daniel"]
[WhiteFideId "44105681"]
[BlackFideId "2026961"]
[WhiteElo "2545"]
[BlackElo "2618"]
[Result "0-1"]
[Round "11"]
[TimeControl "180+2"]
[Date "2023.02.21"]
[WhiteClock "0:01:57"]
[BlackClock "0:01:08"]

1. d4 Nf6 2. c4 g6 3. Nc3 Bg7 4. e4 d6 5. Be2 O-O 6. Be3 a5 7. Nf3 Na6 8. O-O e5 9. d5 Nc5 10. Nd2 Kh8 11. a3 a4 12. Bxc5 dxc5 13. Nxa4 b6 14. b4 Bh6 15. Nc3 cxb4 16. Nb5 c6 17. dxc6 Qxd2 18. axb4 Rxa1 19. Qxa1 Qxe2 20. Qxe5 Bg7 21. Nd6 Be6 22. Qb5 Nxe4 0-1


[Site "https://www.chess.com"]

[Event "Titled Tuesday Blitz February 21 Late 2023"]
[White "Melkumyan, Hrant"]
[Black "Paravyan, David"]
[WhiteFideId "13302485"]
[BlackFideId "4194985"]
[WhiteElo "2645"]
[BlackElo "2601"]
[Result "0-1"]
[Round "11"]
[TimeControl "180+2"]
[Date "2023.02.21"]
[WhiteClock "0:00:03"]
[BlackClock "0:00:09"]

1. d4 Nf6 2. c4 g6 3. Nc3 d5 4. Nf3 Bg7 5. h4 O-O 6. cxd5 Nxd5 7. h5 c5 8. hxg6 hxg6 9. Bh6 Nxc3 10. bxc3 Bxh6 11. Rxh6 cxd4 12. Qd2 Kg7 13. Rh4 Rh8 14. Rxh8 Qxh8 15. cxd4 Bf5 16. Ng5 Nc6 17. e4 Bd7 18. Rc1 Rc8 19. Nf3 Kg8 20. d5 Ne5 21. Rxc8+ Bxc8 22. Nd4 Qh4 23. Qe3 Bd7 24. Nf3 Qf6 25. Nd2 Ng4 26. Qxa7 Qa1+ 27. Ke2 Bb5+ 28. Kf3 Nh2+ 29. Kf4 Nxf1 30. Qxb7 Qf6+ 31. Kg4 Nxd2 32. Qxb5 Nxe4 33. d6 Nxd6 34. Qb8+ Kg7 35. Qa8 Qf5+ 36. Kg3 Ne4+ 37. Kh2 Qf4+ 38. Kh1 Nxf2+ 39. Kg1 Ng4 0-1


[Site "https://www.chess.com"]

[Event "Titled Tuesday Blitz February 21 Late 2023"]
[White "Bortnyk, Olexandr"]
[Black "Chigaev, Maksim"]
[WhiteFideId "14120828"]
[BlackFideId "4108116"]
[WhiteElo "2605"]
[BlackElo "2628"]
[Result "0-1"]
[Round "11"]
[TimeControl "180+2"]
[Date "2023.02.21"]
[WhiteClock "0:00:04"]
[BlackClock "0:00:06"]

1. d4 Nf6 2. Nc3 d5 3. Bf4 g6 4. e3 Nh5 5. Be5 f6 6. Bg3 c6 7. e4 dxe4 8. Nxe4 Bf5 9. Nc5 e5 10. Nb3 Nd7 11. Be2 Nxg3 12. hxg3 Qe7 13. d5 O-O-O 14. dxc6 bxc6 15. Nf3 Nb6 16. Qc1 g5 17. c3 h5 18. a4 h4 19. a5 Nd5 20. Ra4 Qc7 21. a6 Bd6 22. g4 Be6 23. Na5 Nf4 24. Nb7 Nxg2+ 25. Kf1 Nf4 26. Qe3 Kb8 27. Nxd8 Rxd8 28. Nd2 Qb6 29. Qxb6+ axb6 30. Ne4 Be7 31. f3 Ka7 32. Kf2 b5 33. Raa1 f5 34. gxf5 Bxf5 35. Rad1 Rf8 36. Ke3 Kxa6 37. Rdg1 Kb6 38. b4 Nd5+ 39. Kd2 g4 40. Nc5 g3 41. Bd3 Bxc5 42. bxc5+ Kxc5 43. Rxh4 Bxd3 44. Kxd3 Rxf3+ 45. Ke4 Re3+ 46. Kf5 Nxc3 47. Ke6 Ne2 48. Ra1 Nd4+ 49. Kd7 Nf3 50. Rh6 Rd3+ 51. Kc7 Nd4 52. Rg6 b4 53. Re1 b3 54. Rxe5+ Kc4 55. Re1 c5 56. Kb6 b2 57. Rg5 Rb3+ 58. Kc7 b1=Q 59. Rxb1 Rxb1 60. Rxg3 Ra1 61. Kb6 Rb1+ 62. Kc7 Rh1 63. Kb6 Rh6+ 64. Kc7 Kb4 65. Rg4 Rf6 66. Rh4 Rc6+ 67. Kd7 Ra6 68. Kc7 Kb5 69. Kb7 Rg6 70. Rh7 c4 71. Rh5+ Kb4 72. Rh6 Rxh6 0-1


[Site "https://www.chess.com"]

[Event "Titled Tuesday Blitz February 21 Late 2023"]
[White "Gokerkan, Cem Kaan"]
[Black "Martinez Alcantara, Jose Eduardo"]
[WhiteFideId "6336760"]
[BlackFideId "3805662"]
[WhiteElo "2500"]
[BlackElo "2619"]
[Result "1-0"]
[Round "11"]
[TimeControl "180+2"]
[Date "2023.02.21"]
[WhiteClock "0:00:47"]
[BlackClock "0:00:20"]

1. e4 e5 2. Nf3 Nf6 3. Bc4 Nxe4 4. Nc3 Nd6 5. Bb3 Be7 6. Nxe5 Nc6 7. d4 O-O 8. O-O Nf5 9. Nxf7 Rxf7 10. Bxf7+ Kxf7 11. Qh5+ g6 12. Qxh7+ Ng7 13. Nd5 d6 14. Re1 Bf8 15. Bh6 Bf5 16. Re3 g5 17. Rf3 Nxd4 18. Rxf5+ Nxf5 19. Bxg7 Nxg7 20. Re1 Qd7 21. Re3 g4 22. Re4 Qf5 23. Rf4 Qxf4 24. Nxf4 Re8 25. Qg6+ Kg8 26. g3 Re5 27. Qxg4 Kf7 28. Kg2 Rf5 29. Qg6+ Ke7 30. h4 c6 31. h5 Rf6 32. Qg5 Kf7 33. h6 Nf5 34. Qh5+ Kg8 35. Qg5+ Kf7 36. h7 Bg7 37. Qh5+ Ke7 38. h8=Q Bxh8 39. Qxh8 Rf8 40. Ng6+ Ke6 41. Qxf8 Nd4 42. Qe7+ Kd5 43. Nf4+ Kc5 44. Qe3 Kc4 45. Qc3+ Kb5 46. Qxd4 c5 47. Qxd6 b6 48. g4 Ka6 49. g5 Ka5 50. g6 c4 51. g7 a6 52. g8=Q c3 53. Qgd5+ b5 54. Qc7+ 1-0


[Site "https://www.chess.com"]

[Event "Titled Tuesday Blitz February 21 Late 2023"]
[White "Samsonkin, Artiom"]
[Black "Anton Guijarro, David"]
[WhiteFideId "13503111"]
[BlackFideId "2285525"]
[WhiteElo "2420"]
[BlackElo "2690"]
[Result "1-0"]
[Round "11"]
[TimeControl "180+2"]
[Date "2023.02.21"]
[WhiteClock "0:00:03"]
[BlackClock "0:00:04"]

1. e4 c6 2. d4 d5 3. e5 Bf5 4. h4 h5 5. Bd3 Bxd3 6. Qxd3 Qa5+ 7. Nc3 e6 8. Bg5 Be7 9. Nf3 Nd7 10. O-O Nh6 11. Ne2 Qb5 12. Qd2 a5 13. Ng3 Ng8 14. b3 a4 15. c4 Qb4 16. Qe2 g6 17. cxd5 cxd5 18. Rac1 axb3 19. axb3 Qb6 20. Qe3 Rd8 21. Bxe7 Kxe7 22. Ng5 Nh6 23. Rc3 Rc8 24. Rxc8 Rxc8 25. Nh7 Ng4 26. Qg5+ Ke8 27. Nxh5 gxh5 28. Qg8+ Ke7 29. Qxc8 Qxd4 30. Qxb7 Nxe5 31. Qc7 Qxh4 32. Re1 Qf4 33. Qc2 Ng4 34. g3 Qh6 35. Ra1 h4 36. Ra7 hxg3 37. Qc5+ Kd8 38. Ra8+ Nb8 39. Qd6+ 1-0


[Site "https://www.chess.com"]

[Event "Titled Tuesday Blitz February 21 Late 2023"]
[White "EREBUNI91"]
[Black "Zhigalko, Sergei"]
[BlackFideId "13502956"]
[WhiteElo "2753"]
[BlackElo "2572"]
[Result "1/2-1/2"]
[Round "11"]
[TimeControl "180+2"]
[Date "2023.02.21"]
[WhiteClock "0:00:15"]
[BlackClock "0:00:13"]

1. e4 c5 2. Nc3 Nc6 3. Bb5 Nd4 4. Bc4 e6 5. Nge2 a6 6. a4 Nf6 7. O-O Qc7 8. d3 Be7 9. Nxd4 cxd4 10. Ne2 Nxe4 11. Nxd4 Nf6 12. Re1 d5 13. Bb3 O-O 14. Qf3 Bd6 15. h3 e5 16. Ne2 e4 17. dxe4 dxe4 18. Qc3 Qe7 19. Bg5 Be5 20. Qe3 Bxb2 21. Rab1 Be5 22. Nc3 Bf5 23. Nxe4 Bxe4 24. Bxf6 Qxf6 25. Qxe4 Bd4 26. Qf3 Qxf3 27. gxf3 Rad8 28. Re7 b6 29. Kg2 Rd6 30. Rd1 Rg6+ 31. Kf1 Rd6 32. Rb7 Rdd8 33. c3 Bxc3 34. Rxd8 Rxd8 35. Rxb6 a5 36. Rb7 Rf8 37. Ke2 g6 38. Kd3 Be1 39. Ke2 Bb4 40. f4 1/2-1/2


[Site "https://www.chess.com"]

[Event "Titled Tuesday Blitz February 21 Late 2023"]
[White "Deac, Bogdan-Daniel"]
[Black "Gorshtein, Ido"]
[WhiteFideId "1226380"]
[BlackFideId "2815532"]
[WhiteElo "2700"]
[BlackElo "2514"]
[Result "1-0"]
[Round "11"]
[TimeControl "180+2"]
[Date "2023.02.21"]
[WhiteClock "0:00:04"]
[BlackClock "0:00:36"]

1. d4 Nf6 2. c4 g6 3. Nc3 Bg7 4. e4 d6 5. Be2 O-O 6. Be3 Nc6 7. d5 Ne5 8. f4 Ned7 9. Nh3 e6 10. dxe6 fxe6 11. Qc2 b6 12. O-O-O Bb7 13. e5 Ne8 14. Ng5 Qe7 15. Bg4 Rf5 16. Bxf5 gxf5 17. g4 h6 18. Nxe6 Qxe6 19. gxf5 Qxc4 20. Rhg1 Kh8 21. f6 Nexf6 22. exf6 Nxf6 23. Rxg7 Kxg7 24. Rg1+ Kf8 25. Qg6 Ke7 26. Re1 Be4 27. Qg7+ Qf7 28. Qxh6 d5 29. Bd4 Rd8 30. Rg1 Rg8 31. Qxf6+ Qxf6 32. Bxf6+ 1-0


[Site "https://www.chess.com"]

[Event "Titled Tuesday Blitz February 21 Late 2023"]
[White "Sanal, Vahap"]
[Black "Christiansen, Johan-Sebastian"]
[WhiteFideId "6300545"]
[BlackFideId "1512668"]
[WhiteElo "2600"]
[BlackElo "2579"]
[Result "1-0"]
[Round "11"]
[TimeControl "180+2"]
[Date "2023.02.21"]
[WhiteClock "0:01:52"]
[BlackClock "0:01:50"]

1. e4 c5 2. Nc3 a6 3. g3 b5 4. Bg2 Bb7 5. d3 e6 6. Nh3 b4 7. Ne2 d5 8. O-O Nf6 9. Nef4 dxe4 10. Ng5 e5 11. Nh5 Nc6 12. Nxf6+ gxf6 13. Nxe4 f5 14. Nd2 Qd7 15. Nc4 Qc7 16. Qf3 O-O-O 17. Qxf5+ Kb8 18. Be3 h5 19. h4 Bh6 20. Bxc5 Rhg8 21. Qxh5 Rg6 22. Bb6 Qd7 23. Bxd8 Qxd8 24. Nxe5 Nd4 25. Nxg6 1-0


[Site "https://www.chess.com"]

[Event "Titled Tuesday Blitz February 21 Late 2023"]
[White "Maksimovic, Bojan"]
[Black "Gholami Orimi, Mahdi"]
[WhiteFideId "14408120"]
[BlackFideId "12558486"]
[WhiteElo "2486"]
[BlackElo "2420"]
[Result "1-0"]
[Round "11"]
[TimeControl "180+2"]
[Date "2023.02.21"]
[WhiteClock "0:00:03"]
[BlackClock "0:00:35"]

1. e4 e5 2. Nf3 Nf6 3. Nxe5 d6 4. Nf3 Nxe4 5. d4 d5 6. Bd3 Nc6 7. O-O Be7 8. c3 O-O 9. Nbd2 f5 10. Re1 Kh8 11. Nf1 Bd6 12. h4 h6 13. N1h2 Qf6 14. Bd2 Bd7 15. Qc1 Bxh2+ 16. Nxh2 Qxh4 17. Re2 g5 18. Be1 Qh5 19. f3 Nd6 20. Qc2 Rae8 21. Rxe8 Rxe8 22. Bg3 f4 23. Bg6 Bf5 24. Qxf5 Nxf5 25. Bxh5 Re2 26. Bf2 Kg7 27. Re1 Rxb2 28. Ng4 Rxa2 29. Re6 Ng3 30. Bxg3 fxg3 31. Kf1 Ra1+ 32. Ke2 Ra2+ 33. Kd3 Rxg2 34. Ne3 Rh2 35. Nf5+ Kg8 36. Bg6 Re2 37. Rxe2 Ne5+ 38. Rxe5 g2 39. Re8# 1-0


[Site "https://www.chess.com"]

[Event "Titled Tuesday Blitz February 21 Late 2023"]
[White "Vasquez Schroeder, Rodrigo"]
[Black "Rorrer, Grayson"]
[WhiteFideId "3400042"]
[BlackFideId "30944996"]
[WhiteElo "2524"]
[BlackElo "2263"]
[Result "1/2-1/2"]
[Round "11"]
[TimeControl "180+2"]
[Date "2023.02.21"]
[WhiteClock "0:00:25"]
[BlackClock "0:00:05"]

1. d4 Nf6 2. c4 e6 3. Nf3 Bb4+ 4. Bd2 a5 5. g3 d6 6. Bg2 Nbd7 7. O-O e5 8. Qc2 O-O 9. e3 Re8 10. Bc1 a4 11. a3 Ba5 12. Qxa4 Nb6 13. Qc2 Be6 14. b3 Nbd7 15. Bb2 Bg4 16. b4 Bb6 17. c5 Ba7 18. dxe5 dxe5 19. Nbd2 Bh5 20. Nh4 c6 21. Nc4 Bb8 22. Bf3 Bxf3 23. Nxf3 Qe7 24. e4 Qe6 25. Kg2 Qg4 26. Rae1 Nh5 27. Bc1 Nf4+ 28. Bxf4 exf4 29. e5 Nf8 30. h3 Qe6 31. Nd6 Re7 32. Qd3 Ng6 33. h4 Rd7 34. h5 Ne7 35. Ng5 Qh6 36. Ngxf7 Qxh5 37. Rh1 Qg6 38. Qxg6 Nxg6 39. e6 Re7 40. Nc4 Nf8 41. Nd8 fxg3 42. fxg3 Bxg3 43. Nxc6 bxc6 44. Kxg3 Rae8 45. Nd6 Ra8 46. Re3 Rxe6 47. Rhe1 Rxa3 48. Rxa3 Rxe1 49. Ra8 g6 50. Rc8 Rb1 51. Rb8 Kg7 52. Ne4 Ne6 53. Rb7+ Kh6 54. Nf6 Nxc5 55. Rxh7+ Kg5 56. bxc5 Kxf6 57. Rc7 Rb3+ 58. Kf4 Rb4+ 59. Ke3 Ke5 60. Rxc6 Kd5 61. Rxg6 Kxc5 1/2-1/2


[Site "https://www.chess.com"]

[Event "Titled Tuesday Blitz February 21 Late 2023"]
[White "Salimova, Nurgyul"]
[Black "Kobo, Ori"]
[WhiteFideId "2915138"]
[BlackFideId "2812320"]
[WhiteElo "2391"]
[BlackElo "2559"]
[Result "1/2-1/2"]
[Round "11"]
[TimeControl "180+2"]
[Date "2023.02.21"]
[WhiteClock "0:00:53"]
[BlackClock "0:00:30"]

1. d4 Nf6 2. Nf3 g6 3. g3 Bg7 4. Bg2 d6 5. O-O Bf5 6. c4 O-O 7. Nc3 Ne4 8. Qb3 Nxc3 9. bxc3 Be4 10. Bf4 b6 11. d5 Nd7 12. Nd4 Nc5 13. Qd1 Bxg2 14. Kxg2 e5 15. Nc6 Qd7 16. Be3 f5 17. Bxc5 dxc5 18. e4 Rf7 19. Qe2 a5 20. Rae1 Raf8 21. exf5 Rxf5 22. f3 Kh8 23. Qe4 h5 24. h4 Kh7 25. Re2 Qf7 26. Ree1 Qd7 27. Re2 Qf7 28. Ree1 Qd7 1/2-1/2


[Site "https://www.chess.com"]

[Event "Titled Tuesday Blitz February 21 Late 2023"]
[White "Pichot, Alan"]
[Black "Timmermans, Mark"]
[WhiteFideId "110973"]
[BlackFideId "1026399"]
[WhiteElo "2638"]
[BlackElo "2392"]
[Result "1-0"]
[Round "11"]
[TimeControl "180+2"]
[Date "2023.02.21"]
[WhiteClock "0:00:30"]
[BlackClock "0:00:10"]

1. e4 e5 2. Nf3 Nc6 3. Bc4 Nf6 4. Ng5 Bc5 5. Bxf7+ Ke7 6. d4 Bxd4 7. Bb3 Rf8 8. O-O h6 9. Nf3 d6 10. Nxd4 Nxd4 11. f3 g5 12. Be3 Nxb3 13. axb3 Be6 14. c4 b6 15. Nc3 Kf7 16. Nd5 Bxd5 17. cxd5 a5 18. Rc1 Nd7 19. Rc6 Nb8 20. Rc4 Na6 21. Rc6 Nb8 22. Rc3 Na6 23. Qe2 Nc5 24. Qb5 Qe8 25. Qxe8+ Kxe8 26. Ra1 Kd7 27. h3 Rg8 28. Kf2 Raf8 29. Ke2 h5 30. g4 h4 31. Bd2 Ke7 32. Rc4 Kf6 33. Ra3 Ra8 34. Be3 Rgb8 35. Rc1 Rb7 36. b4 Nd7 37. Rca1 Rab8 38. Bd2 axb4 39. Bxb4 Nc5 40. Ra7 Ke7 41. R1a3 Kf6 42. Bd2 Nd7 43. b4 Ke7 44. Bxg5+ Kf7 45. Bxh4 Kg6 46. Bf2 Kf6 47. h4 Ke7 48. h5 Kf6 49. Be3 Kg7 50. Kd3 Kf6 51. Rxb7 Rxb7 52. Ra8 Nb8 53. g5+ Kg7 54. Kc4 b5+ 55. Kd3 Kf7 56. g6+ Kg7 57. Bg5 1-0


[Site "https://www.chess.com"]

[Event "Titled Tuesday Blitz February 21 Late 2023"]
[White "Goroshkov, Maksym"]
[Black "Bikuzhin, Maksim"]
[WhiteFideId "14142716"]
[BlackFideId "24128015"]
[WhiteElo "2287"]
[BlackElo "2279"]
[Result "0-1"]
[Round "11"]
[TimeControl "180+2"]
[Date "2023.02.21"]
[WhiteClock "0:00:24"]
[BlackClock "0:00:16"]

1. e4 c5 2. c3 Nf6 3. e5 Nd5 4. Bc4 Nb6 5. Bb3 c4 6. Bc2 Qc7 7. Nf3 Nc6 8. Qe2 g5 9. h3 Bg7 10. d4 cxd3 11. Bxd3 Nxe5 12. Bxg5 Nxd3+ 13. Qxd3 d5 14. O-O f6 15. Be3 Be6 16. Re1 O-O-O 17. Na3 a6 18. Bf4 Qxf4 19. Rxe6 Na4 20. Rxe7 Bf8 21. Re2 Nxb2 22. Rxb2 Bxa3 23. Rb3 Bc5 24. Rab1 Rd7 25. Nd4 Re8 26. R3b2 Rde7 27. Nf3 Qe4 28. Qxe4 dxe4 29. Nd4 Rd7 30. Nf5 Re5 31. g4 h5 32. Kg2 hxg4 33. hxg4 Kb8 34. Rh1 Ka7 35. a4 e3 36. fxe3 Re4 37. Kf3 Rxa4 38. Rh6 Rf7 39. Nd4 Ra3 40. Rb3 Ra1 41. Ke4 Re7+ 42. Kd5 Re5+ 43. Kc4 Be7 44. Rh7 Rxe3 45. Nf5 Ra4+ 46. Rb4 Re4+ 47. Kb3 Raxb4+ 48. cxb4 Rxb4+ 49. Kc3 Bc5 50. Rc7 Rb5 51. Kc4 Bb6 52. Rf7 Rc5+ 53. Kb4 Rc6 54. Ne7 a5+ 55. Ka4 Rc4+ 56. Kb3 Rb4+ 57. Kc3 Rxg4 58. Nc8+ Ka6 59. Rxf6 Rb4 60. Rg6 Rb1 61. Kc2 Rb5 62. Kd3 Rd5+ 63. Ke4 Rb5 64. Nd6 Rb4+ 65. Kd5 a4 66. Nc4 Rb3 67. Rg8 Kb5 68. Nd6+ Kb4 69. Rg4+ Ka3 70. Nc4+ Ka2 71. Nxb6 Rxb6 72. Rxa4+ Kb3 73. Ra7 Kb4 74. Ra8 Rc6 75. Rb8 Rb6 76. Rc8 Kb5 77. Rc5+ Kb4 78. Rc4+ Kb3 79. Rc7 Kb4 80. Rc4+ Kb5 81. Rc5+ Ka6 82. Kc4 Rb1 83. Kc3 Rc1+ 84. Kb4 Rxc5 85. Kxc5 Ka5 86. Kc4 Ka4 87. Kc5 b5 88. Kd4 b4 89. Kd3 Ka3 90. Kd2 Ka2 91. Kc1 b3 92. Kd2 b2 93. Kc3 b1=Q 94. Kc4 Qb2 95. Kc5 Qb3 96. Kc6 Ka3 97. Kc7 Qb4 98. Kc8 Ka4 99. Kd7 Qb5+ 100. Ke6 Ka5 101. Kd6 Qc4 102. Kd7 Qc5 103. Ke6 Qd4 104. Kf5 Qe3 105. Kg4 Qf2 106. Kg5 Qf3 107. Kh6 Qg4 108. Kh7 Kb5 109. Kh8 Kc5 110. Kh7 Kd5 111. Kh8 Ke6 112. Kh7 Kf6 113. Kh8 Qg7# 0-1


[Site "https://www.chess.com"]

[Event "Titled Tuesday Blitz February 21 Late 2023"]
[White "Urazayev, Arystanbek"]
[Black "Kramnik, Vladimir"]
[WhiteFideId "13709810"]
[BlackFideId "4101588"]
[WhiteElo "2460"]
[BlackElo "2753"]
[Result "0-1"]
[Round "11"]
[TimeControl "180+2"]
[Date "2023.02.21"]
[WhiteClock "0:00:02"]
[BlackClock "0:00:03"]

1. d4 Nf6 2. c4 e6 3. Nf3 Bb4+ 4. Nc3 Bxc3+ 5. bxc3 d6 6. Qc2 Qe7 7. e4 e5 8. Bd3 Nc6 9. Rb1 b6 10. O-O O-O 11. h3 h6 12. c5 bxc5 13. dxc5 dxc5 14. Ba3 Rd8 15. Bb5 Bd7 16. Qa4 Nb8 17. Qc4 Qe8 18. Bxc5 Bxb5 19. Rxb5 Nxe4 20. Rxb8 Raxb8 21. Qxe4 f6 22. Bxa7 Ra8 23. Qb7 Qa4 24. Be3 Qc4 25. Qb3 Qxb3 26. axb3 Ra3 27. Nd2 Ra2 28. Nc4 Rc2 29. g4 Rxc3 30. Na5 Rb8 31. Ra1 Kh7 32. Ra4 Kg6 33. Kg2 h5 34. Rc4 Rbxb3 35. Rxc7 Rxc7 36. Nxb3 Rc4 37. gxh5+ Kxh5 38. Nd2 Ra4 39. Nf3 g5 40. Kg3 Kg6 41. h4 g4 42. Nd2 f5 43. Bg5 Kh5 44. Kg2 f4 45. Nb3 Ra2 46. Nc5 g3 47. Ne4 Re2 48. Kf3 Rxe4 49. fxg3 Re3+ 0-1


[Site "https://www.chess.com"]

[Event "Titled Tuesday Blitz February 21 Late 2023"]
[White "Swiercz, Dariusz"]
[Black "Guzman, Christopher"]
[WhiteFideId "1126881"]
[BlackFideId "6405096"]
[WhiteElo "2637"]
[BlackElo "2271"]
[Result "0-1"]
[Round "11"]
[TimeControl "180+2"]
[Date "2023.02.21"]
[WhiteClock "0:00:01"]
[BlackClock "0:01:46"]

1. Nf3 Nf6 2. d4 e6 3. b3 b6 4. Bb2 Bb7 5. Nbd2 Be7 6. g3 O-O 7. Bg2 d5 8. O-O a5 9. c4 Nbd7 10. Qc2 c5 11. Rad1 Rc8 12. Qb1 Qc7 13. cxd5 Nxd5 14. e4 N5f6 15. e5 Nd5 16. Nc4 cxd4 17. Nxd4 Qb8 18. Rfe1 Rfd8 19. Nb5 Bb4 20. Re2 Nf8 21. a3 Bc5 22. Nbd6 Rc7 23. Nxb7 Qxb7 24. Red2 Rcd7 25. Bd4 Qc7 26. Qb2 Ng6 27. h4 Bxd4 28. Rxd4 b5 29. Nd6 Nxe5 30. Nxb5 Qb8 31. a4 Nc6 32. R4d2 Ncb4 33. h5 h6 34. Be4 Qb6 35. Qd4 Qxd4 36. Rxd4 Kf8 37. Bf3 Ke7 38. Na3 Nb6 39. Rxd7+ Rxd7 40. Rd2 Rxd2 0-1


[Site "https://www.chess.com"]

[Event "Titled Tuesday Blitz February 21 Late 2023"]
[White "Golubka, Petro"]
[Black "Indjic, Aleksandar"]
[WhiteFideId "14114224"]
[BlackFideId "911925"]
[WhiteElo "2371"]
[BlackElo "2618"]
[Result "1/2-1/2"]
[Round "11"]
[TimeControl "180+2"]
[Date "2023.02.21"]
[WhiteClock "0:00:09"]
[BlackClock "0:00:15"]

1. d4 Nf6 2. c4 e6 3. Nf3 c5 4. d5 d6 5. Nc3 exd5 6. cxd5 g6 7. g3 Bg7 8. Bg2 O-O 9. O-O Re8 10. a4 Ne4 11. Nxe4 Rxe4 12. Nd2 Rb4 13. Ne4 Qe7 14. Nc3 a5 15. Ra3 Na6 16. h4 h6 17. Nb5 Bd7 18. Re3 Qf8 19. Nc3 Nc7 20. b3 b5 21. axb5 Nxb5 22. Nxb5 Rxb5 23. h5 gxh5 24. Be4 a4 25. bxa4 Rb4 26. Bc2 Bxa4 27. Bxa4 Rbxa4 28. Rf3 Rg4 29. Bf4 h4 30. e3 h5 31. Kg2 Qe7 32. Qd3 Qd7 33. Rh1 Bf6 34. Bh6 Rg6 35. Bf4 Rc8 36. Qc4 Re8 37. Qd3 Bd8 38. e4 Qg4 39. Qc2 Qd7 40. Qd3 Bf6 41. Be3 Ra8 42. Rxf6 Rxf6 43. Rxh4 Rg6 44. Rxh5 Qg4 45. Rf5 Re8 46. Rf4 Qh5 47. Qb5 Rf8 48. Rf5 Qg4 49. Rf4 Qh5 50. Rf5 Qh8 51. Bc1 Qd4 52. Rf4 Qd1 53. Qf1 Qxf1+ 54. Kxf1 Rb8 55. Be3 Rb2 56. Rf5 f6 57. Rh5 Rb6 58. Kg2 Rb7 59. Rh1 Re7 60. Kf3 Kf7 61. Rc1 Rc7 62. g4 Ke7 63. Kf4 Rg5 64. f3 Rg7 65. Rb1 Rh7 66. Rc1 Rh3 67. Rc3 Kd7 68. Bf2 Ke7 69. Kf5 c4 70. Bd4 Rh6 71. f4 Kf7 72. g5 fxg5 73. fxg5 Rh5 74. e5 dxe5 75. Bxe5 Rc5 76. d6 Rxg5+ 77. Kxg5 Rxe5+ 78. Kf4 Rc5 79. Ke4 Ke6 80. Kd4 Kxd6 81. Rxc4 Rxc4+ 82. Kxc4 1/2-1/2


[Site "https://www.chess.com"]

[Event "Titled Tuesday Blitz February 21 Late 2023"]
[White "KhalilMousavi98"]
[Black "Dourerassou, Jonathan"]
[BlackFideId "628050"]
[WhiteElo "2871"]
[BlackElo "2414"]
[Result "1-0"]
[Round "11"]
[TimeControl "180+2"]
[Date "2023.02.21"]
[WhiteClock "0:02:25"]
[BlackClock "0:00:53"]

1. e4 c5 2. Nf3 d6 3. d4 cxd4 4. Nxd4 Nf6 5. Nc3 Bd7 6. Bc4 e5 7. Nf5 Bc6 8. Bg5 g6 9. Ne3 Bg7 10. Qf3 h6 11. Bh4 Nbd7 12. O-O-O Qc7 13. Nb5 Bxb5 14. Bxb5 O-O 15. Bxd7 Nxd7 16. Nd5 Qa5 17. Kb1 f5 18. exf5 gxf5 19. Ne7+ Kh7 20. Rxd6 e4 21. Qh5 Ne5 22. Bg5 Qb4 23. Rxh6+ Bxh6 24. Qxh6# 1-0


[Site "https://www.chess.com"]

[Event "Titled Tuesday Blitz February 21 Late 2023"]
[White "Bernadskiy, Vitaliy"]
[Black "Averjanov, Alexey"]
[WhiteFideId "14100371"]
[BlackFideId "14109867"]
[WhiteElo "2592"]
[BlackElo "2399"]
[Result "0-1"]
[Round "11"]
[TimeControl "180+2"]
[Date "2023.02.21"]
[WhiteClock "0:00:27"]
[BlackClock "0:01:08"]

1. b3 b6 2. Bb2 Bb7 3. g3 Bxh1 4. f3 Nf6 5. Nh3 g6 6. Nf2 Bxf3 7. exf3 Bg7 8. Bg2 O-O 9. Nc3 Nd5 10. Qe2 Nxc3 11. dxc3 Nc6 12. O-O-O Qe8 13. f4 Rd8 14. h4 e6 15. h5 Qe7 16. Rh1 d5 17. g4 Qd6 18. Qd2 e5 19. f5 e4 20. Kb1 Qg3 21. Nd1 Qxg4 22. Ne3 Qf4 23. Rf1 Qg5 24. Qf2 d4 25. cxd4 Bxd4 26. Bc1 Ne5 27. Qe2 Qxh5 28. Qe1 Nf3 29. Qg3 Be5 30. Qf2 Qh4 31. Qe2 Bg7 32. Nc4 b5 33. Rh1 Qf6 34. Bb2 Nd4 0-1


[Site "https://www.chess.com"]

[Event "Titled Tuesday Blitz February 21 Late 2023"]
[White "Rustemov, Alexander"]
[Black "Quispe Arteaga, Gabriel"]
[WhiteFideId "4119002"]
[BlackFideId "32059809"]
[WhiteElo "2525"]
[BlackElo "2381"]
[Result "0-1"]
[Round "11"]
[TimeControl "180+2"]
[Date "2023.02.21"]
[WhiteClock "0:01:06"]
[BlackClock "0:01:44"]

1. d4 Nf6 2. c4 e6 3. Nf3 Bb4+ 4. Bd2 Be7 5. Nc3 d5 6. Bg5 O-O 7. e3 h6 8. Bxf6 Bxf6 9. Rc1 a6 10. Qc2 dxc4 11. Bxc4 Nc6 12. O-O Bd7 13. Ne4 Be7 14. Rfd1 Nb4 15. Qe2 Ba4 16. Rd2 Bc6 17. Nc3 Nd5 18. Ne5 Nxc3 19. bxc3 Bd5 20. Bd3 b5 21. c4 bxc4 22. Bxc4 Bb7 23. Rdc2 Bd6 24. Nd3 Qh4 25. g3 Qe4 26. f3 Qxf3 27. Qxf3 Bxf3 28. Kf2 Be4 29. Bb3 Bxd3 0-1


[Site "https://www.chess.com"]

[Event "Titled Tuesday Blitz February 21 Late 2023"]
[White "Mekhitarian, Krikor Sevag"]
[Black "Kanakaris, Georgios"]
[WhiteFideId "2107660"]
[BlackFideId "4209460"]
[WhiteElo "2537"]
[BlackElo "2391"]
[Result "1-0"]
[Round "11"]
[TimeControl "180+2"]
[Date "2023.02.21"]
[WhiteClock "0:00:15"]
[BlackClock "0:00:19"]

1. Nf3 Nf6 2. c4 g6 3. Nc3 Bg7 4. e4 d6 5. d4 O-O 6. h3 Nc6 7. Be3 e5 8. d5 Nd4 9. Nxd4 exd4 10. Bxd4 Nxe4 11. Bxg7 Re8 12. Nxe4 Rxe4+ 13. Be2 Kxg7 14. O-O Qf6 15. Qd2 Bd7 16. b3 a5 17. Bd3 Re7 18. Rae1 Rxe1 19. Rxe1 b6 20. Bf1 Re8 21. Rxe8 Bxe8 22. g3 Bd7 23. h4 Qa1 24. Kg2 Bf5 25. h5 gxh5 26. a4 h6 27. Be2 Be4+ 28. Bf3 Bxf3+ 29. Kxf3 Qf6+ 30. Kg2 Qe5 31. Qd3 Qe1 32. Qf3 Qe5 33. Kh3 Kg6 34. Kg2 f5 35. Kh3 Qe4 36. Qxe4 fxe4 37. Kh4 Kf5 38. Kxh5 e3 39. g4+ Kf4 40. fxe3+ Kg3 41. Kxh6 Kxg4 42. Kg6 Kf3 43. Kf6 Kxe3 44. Ke6 Kd4 45. Kd7 Kc3 46. Kxc7 Kxb3 47. Kxd6 Kxa4 48. c5 bxc5 49. Kxc5 Kb3 50. d6 a4 51. d7 a3 52. d8=Q Kb2 53. Qd4+ Kb1 54. Qb4+ Ka2 55. Kc4 Ka1 56. Qxa3+ Kb1 57. Qc3 Ka2 58. Qb4 Ka1 59. Kc3 Ka2 60. Kc2 Ka1 61. Qa4# 1-0


[Site "https://www.chess.com"]